 Dungeon Crawl Stone Soup version 0.29.1-15-g9cfb28693d (webtiles) character file.

Game seed: 9151476147068491027

10985 101zpm the Thaumaturge (level 12, -16/71 HPs)
             Began as a Djinni Fire Elementalist on Mar 15, 2023.
             Was a High Priest of Makhleb.
             Hit by a large rock thrown by a cyclops (43 damage)
             ... on level 11 of the Dungeon.
             The game lasted 01:00:12 (14361 turns).

101zpm the Thaumaturge (Djinni Fire Elementalist)  Turns: 14361, Time: 01:00:14

Health: -16/71     AC:  8    Str:  7    XL:     12   Next: 2%
Gold:   1140       EV: 14    Int: 20    God:    Makhleb [*****.] SH:  5 Dex: 16

rFire   + + .      SeeInvis +   a - +5 flail
rCold   x . .      Faith    .   (no shield)
rNeg    . . .      Spirit   .   H - +1 ring mail of Squeaky Surprise {Fly Regen+ SInv}
rPois   ∞          Reflect  +   d - +0 helmet
rElec   .          Harm     .   (no cloak)
rCorr   .          Rampage  .   (no gloves)
Will    +....                   (boots unavailable)
Stlth   +++.......              x - amulet of reflection
HPRegen 1.01/turn               N - +4 ring of evasion
MPRegen 0.00/turn               (no ring)

@: marked, flying
A: sickness immunity, fire resistance 2, cold vulnerability 1, float, innate
caster, HP casting, extra vitality 1
a: Renounce Religion, Minor Destruction, Lesser Servant of Makhleb, Major
Destruction, Greater Servant of Makhleb


You were on level 11 of the Dungeon.
You worshipped Makhleb.
Makhleb was extremely pleased with you.
You visited 2 branches of the dungeon, and saw 12 of its levels.
You also visited: Ossuary.

You collected 1140 gold pieces.

Inventory:

Hand Weapons
 a - a +5 flail (weapon)
 s - a +0 sling
 t - a +0 short sword
 u - a +0 flail
 I - a +1 vampiric hand axe
Missiles
 q - 181 stones
 r - 4 curare-tipped darts
 Q - a throwing net
Armour
 d - a +0 helmet (worn)
 H - the +1 ring mail of Squeaky Surprise (worn) {Fly Regen+ SInv}
   (You found it on level 5 of the Dungeon)

   SInv:      It lets you see invisible.
   Fly:       It grants you flight.
   Regen:     It increases your rate of health regeneration.
Jewellery
 x - an amulet of reflection (around neck)
 N - a +4 ring of evasion (left hand)
Wands
 w - a wand of roots (4)
 E - a wand of mindburst (14)
 J - a wand of digging (3)
 K - a wand of polymorph (11)
 O - a wand of charming (5)
Scrolls
 b - 2 scrolls of immolation
 e - 3 scrolls of identify
 f - 3 scrolls of enchant armour
 i - 6 scrolls of teleportation
 j - 5 scrolls of amnesia
 k - 4 scrolls of vulnerability
 n - 2 scrolls of brand weapon
 p - 3 scrolls of blinking
 v - 2 scrolls of summoning
 y - 3 scrolls of poison
 C - 3 scrolls of magic mapping
 G - a scroll of silence
 L - a scroll of enchant weapon
 M - a scroll of torment
Potions
 c - 3 potions of haste
 g - 2 potions of magic
 h - 4 potions of resistance
 l - 4 potions of mutation
 m - 4 potions of degeneration
 o - a potion of might
 z - 3 potions of curing
 A - 5 potions of lignification
 B - 3 potions of attraction
 D - 2 potions of flight
 F - 3 potions of heal wounds {unknown}
 P - a potion of ambrosia {unknown}
 R - a potion of cancellation {unknown}


   Skills:
 + Level 0.6 Fighting
 + Level 4.1 Armour
 + Level 3.0 Dodging
 * Level 7.2 Stealth
 + Level 0.6 Shields
 + Level 12.4 Spellcasting


You had 7 spell levels left.
You knew the following spells:

 Your Spells              Type           Power      Damage    Failure   Level
a - Foxfire               Conj/Fire      100%       2x1d9     1%          1
b - Scorch                Fire           100%       2d10      1%          2
c - Conjure Flame         Conj/Fire      58%        6-21      1%          3
d - Inner Flame           Hex/Fire       58%        N/A       1%          3
e - Flame Wave            Conj/Fire      58%        2d14      1%          4
f - Sandblast             Erth           100%       2d20      1%          1
g - Call Imp              Summ           58%        N/A       1%          2
h - Confusing Touch       Hex            58%        N/A       1%          3
i - Animate Armour        Summ/Erth      100%       N/A       1%          4
j - Iskenderun's Battles  Conj           58%        2d11      2%          5
Your spell library was empty.

Dungeon Overview and Level Annotations

Branches:
Dungeon (11/15)            Temple (0/1) D:4             Orc (1/2) D:10
Ossuary (visited)
   Lair: D:8-11

Altars:
Ashenzari
Hepliaklqana
Makhleb
Okawaru
Trog
Wu Jian
Yredelemnul

Shops:
D:6 =

Annotations:
D:6 1 runed translucent door, P0WERM0DE's ghost, novice PaAr
D:11 2 transporters


Innate Abilities, Weirdness & Mutations

You are immune to sickness and miasma.
You are immune to poison.
Your flesh is very heat resistant. (rF++)
You are vulnerable to cold. (rC-)
You float through the air rather than walking.
You learn spells naturally, not from books.
Your magical power is your life essence.
You have superior vitality. (+4 MHP)


Message History

Flames lash the troll.
The troll is burned terribly!
Makhleb accepts your kill.
You feel better.
The troll explodes!
You have reached level 12!
You feel agile.
You reach down and open the door.
There is an open door, spattered with blood here.
c - 3 potions of haste (gained 1)
You now have 1127 gold pieces (gained 24).
Found a falchion.
R - a murky pink potion You reach down and open the door.
A sourceless malevolence fills the Dungeon...
With a horrendous wail, an alarm goes off!
A sentinel's mark forms upon you.
You hear a shout! x2; You hear a howl! x3; You hear a horrible gurgling sound!
Found 13 gold pieces.
Found a stone staircase leading down.
There is an open door here.
You now have 1140 gold pieces (gained 13).
You reach down and open the door.
A cyclops comes into view.
The cyclops throws a large rock.
The large rock hits you!!!
Ouch! That really hurt!
Found 15 gold pieces.
Casting: Scorch (safe; 1% risk of failure)
Confirm with . or Enter, or press ? or * to list all spells.
Casting: Animate Armour (dangerous; 1% risk of failure)
Confirm with . or Enter, or press ? or * to list all spells.
A beastly little devil appears in a puff of frigid air.
The cyclops throws a large rock.
The large rock barely misses you.
Casting: Call Imp (safe; 1% risk of failure)
Confirm with . or Enter, or press ? or * to list all spells.
Aiming: Inner Flame (safe; 1% risk of failure)
Press: ? - help, Dir - move target, f - cyclops
Aim: a cyclops, quivering large rocks (ally target, chance to affect: 87%)
The cyclops is filled with an intense inner flame!
The cyclops throws a large rock.
The large rock hits you!!!
Ouch! That really hurt!
You die...

........C# ........#
$......# #........
......# #........
..... #........ ...
#.......########'#
#.......#......[@#
#.......#.....5..+
#.......#..>.....#
#.......'........+
#.......#........# ..
#....)..##########....
#####.................
#..........#######
#................#


You could see a cyclops (inner flame, ally target), a friendly animated ring
mail (summoned) and a friendly white imp (summoned).

Vanquished Creatures
  A boulder beetle (D:8)
  2 cyclopes (D:9)
  An ugly thing (D:10)
  A gargoyle (D:10)
  3 trolls
  A hornet (D:8)
  A shadow (D:11)
  14 yaks
  A wraith (Ossuary)
  3 vampire mosquitoes (D:11)
  A steam dragon (D:7)
  An acid dragon (D:10)
  A water moccasin (D:6)
  4 black bears
  5 orc warriors
  An ice beast (D:6)
  A sky beast (D:6)
  6 centaurs
  A kobold brigand (D:6)
  A necrophage (D:5)
  7 bullfrogs
  2 water moccasin zombies (Ossuary)
  2 gnoll sergeants
  5 scorpions
  4 wights (D:9)
  5 killer bees (D:9)
  6 howler monkeys
  A vampire bat (D:3)
  4 centaur zombies
  6 bullfrog zombies
  2 hounds (D:6)
  2 quasits (D:6)
  8 orc priests
  2 jellies
  4 iguanas
  11 orc wizards
  A scorpion zombie (Ossuary)
  An ogre zombie (Ossuary)
  A howler monkey zombie (D:6)
  6 adders
  16 gnolls
  5 shadow imps
  3 white imps
  6 ufetubi
  4 adder zombies (Ossuary)
  2 worms
  60 orcs
  2 spectral bats (D:3)
  3 ball pythons
  12 bats
  3 bat skeletons (D:3)
  A bat zombie (D:3)
  4 endoplasms
  3 giant cockroaches
  3 gnoll zombies (Ossuary)
  7 goblins
  6 hobgoblins
  3 jackals (D:1)
  A bat simulacrum (D:3)
  3 frilled lizards
  3 goblin zombies (Ossuary)
  3 hobgoblin zombies (Ossuary)
  10 kobolds
  4 orc zombies (Ossuary)
  7 rats
304 creatures vanquished.

Vanquished Creatures (collateral kills)
  A wight (D:9)
  A howler monkey (D:7)
  A gnoll (D:11)
  A shadow imp (D:6)
  An orc (D:10)
  2 bats (D:3)
  3 fire bats (D:3)
  7 foxfires (D:11)
17 creatures vanquished.

Vanquished Creatures (others)
  7 demonic plants (D:6)
  680 foxfires
  11 fungi (D:11)
  10 plants (D:11)
708 creatures vanquished.

Grand Total: 1029 creatures vanquished

Notes
Turn   | Place    | Note
-------+----------+-------------------------------------------
     0 | D:1      | 101zpm the Djinni Fire Elementalist began the quest for the
                  | Orb.
     0 | D:1      | 101zpm set off with the following spells memorised:
                  | Foxfire, Scorch, Conjure Flame, Inner Flame, Flame Wave.
     0 | D:1      | Reached XP level 1. HP: 15/15 MP: 0/0
   308 | D:1      | Reached XP level 2. HP: 18/21 MP: 0/0
   802 | D:1      | Found a faded altar of an unknown god.
  1037 | D:1      | Reached skill level 3 in Spellcasting
  1372 | D:1      | Reached XP level 3. HP: 22/25 MP: 0/0
  1372 | D:1      | Learned a level 1 spell: Sandblast
  2180 | D:2      | Reached XP level 4. HP: 26/31 MP: 0/0
  2618 | D:2      | Reached skill level 4 in Spellcasting
  2618 | D:2      | Reached XP level 5. HP: 31/35 MP: 0/0
  2618 | D:2      | Learned a level 2 spell: Call Imp
  4239 | D:3      | Found a burning altar of Makhleb.
  4347 | D:3      | Reached XP level 6. HP: 32/40 MP: 0/0
  4744 | D:3      | Reached skill level 5 in Spellcasting
  5962 | D:3      | Became a worshipper of Makhleb the Destroyer
  6458 | D:4      | Found a staircase to the Ecumenical Temple.
  6497 | D:4      | Reached XP level 7. HP: 40/45 MP: 0/0
  6497 | D:4      | Learned a level 3 spell: Confusing Touch
  7299 | D:5      | Entered Level 5 of the Dungeon
  7331 | D:5      | Reached skill level 6 in Spellcasting
  7760 | D:5      | Identified the +1 ring mail of Squeaky Surprise {Fly Regen+
                  | SInv}
  8108 | D:6      | Reached XP level 8. HP: 44/50 MP: 0/0
  8143 | D:6      | Reached * piety under Makhleb
  8148 | D:6      | Reached skill level 7 in Spellcasting
  8148 | D:6      | Found a sand-covered staircase.
  8152 | Ossuary  | Entered an ossuary
  8381 | Ossuary  | Noticed a wraith
  8388 | Ossuary  | Killed a wraith
  8389 | Ossuary  | Reached skill level 8 in Spellcasting
  8389 | Ossuary  | Reached XP level 9. HP: 47/55 MP: 0/0
  8389 | Ossuary  | Learned a level 4 spell: Animate Armour
  8404 | Ossuary  | Noticed a silent spectre
  8474 | D:6      | Found a runed translucent door.
  8546 | D:6      | Found a basalt altar of Yredelemnul.
  8557 | D:6      | Reached ** piety under Makhleb
  8710 | D:6      | Found Tiegi's Jewellery Boutique.
  8726 | D:6      | Found a bloodstained altar of Trog.
  9101 | D:6      | Reached skill level 1 in Armour
  9101 | D:6      | Reached skill level 9 in Spellcasting
  9360 | D:6      | Noticed P0WERM0DE's ghost (novice PaAr)
  9677 | D:7      | Reached XP level 10. HP: 56/60 MP: 0/0
  9692 | D:7      | Reached *** piety under Makhleb
 10075 | D:7      | Reached skill level 10 in Spellcasting
 10902 | D:8      | Reached skill level 5 in Stealth
 10912 | D:8      | Noticed a boulder beetle
 10942 | D:8      | Killed a boulder beetle
 11339 | D:8      | Found a broken altar of Ashenzari.
 11544 | D:8      | Found a hazy altar of Hepliaklqana.
 11780 | D:8      | Found an ornate altar of the Wu Jian Council.
 11785 | D:8      | Found an iron altar of Okawaru.
 11889 | D:9      | Noticed a cyclops
 11894 | D:9      | Killed a cyclops
 11895 | D:9      | Reached skill level 11 in Spellcasting
 11900 | D:9      | Noticed a cyclops
 11907 | D:9      | Killed a cyclops
 11908 | D:9      | Reached XP level 11. HP: 62/66 MP: 0/0
 11908 | D:9      | Learned a level 5 spell: Iskenderun's Battlesphere
 12321 | D:9      | Reached **** piety under Makhleb
 12765 | D:10     | Entered Level 10 of the Dungeon
 12903 | D:10     | Found a staircase to the Orcish Mines.
 13108 | D:10     | Reached ***** piety under Makhleb
 13413 | D:10     | Noticed a brown ugly thing
 13418 | D:10     | Killed a brown ugly thing
 13419 | D:10     | Reached skill level 12 in Spellcasting
 13898 | Orc:1    | Entered Level 1 of the Orcish Mines
 14241 | D:11     | Found a transporter.
 14246 | D:11     | Found a transporter.
 14311 | D:11     | Reached XP level 12. HP: 71/71 MP: 0/0
 14361 | D:11     | Hit by a large rock thrown by a cyclops

Illustrated notes

Levels and vault maps discovered:
D:1:      minmay_arrival_semitransparent, layout_loops_ring,
          hellmonk_ecumenical_altar_inner_sanctum, serial_bayou_pond_e
D:2:      layout_loops_ring
D:3:      layout_rooms, bloody_makhleb, goddamned_bats
D:4:      layout_gridville, minmay_temple_entry_wispy, dk_rats_in_the_wall
D:5:      layout_cave_pools
D:6:      layout_loops_corners, tgw_sif, nicolae_yredelemnul_corpse_copse,
          trog_three_pillars_becter, serial_demonic, serial_demonic_a,
          serial_demonic_a, serial_demonic_g, serial_demonic_a,
          serial_demonic_b, serial_demonic_f, serial_demonic_c,
          serial_demonic_a, ebering_ghost_sewer_d, serial_shops, shop,
          enter_ossuary_5, st_stairs_11, minmay_misc_feat_encased,
          minmay_misc_feat_columns
D:7:      layout_layer_cave
D:8:      layout_basic, evilmike_ruin_ashenzari, nzn_hepliaklqana_mist_gate,
          mainiacjoe_overflow_big_doors
D:9:      minmay_goldmine, layout_gridville, fiery_altar_vehumet,
          minmay_sticks_and_stones
D:10:     layout_basic, hiddenorc2_lemuel, serial_bayou_pond_e
D:11:     layout_irregular_city, grunt_lair_entry_orc_guard_hut, serial_shops,
          nicolae_diamond_shop, serial_nicolae_subway,
          nicolae_sub_station_metal, nicolae_sub_station_crystal,
          nicolae_sub_station_stone
Orc:1:    layout_diamond_mine, nicolae_orc_jurassic_orc, uniq_maurice

Skill      XL: |  1  2  3  4  5  6  7  8  9 10 11 |
---------------+----------------------------------+-----
Spellcasting   | 3 4 5 6 8 9 11 12 | 12.4
Stealth        | 2 4 5 7 |  7.2
Armour         | 1 2 4 |  4.1
Dodging        | 3 |  3.0
Fighting       | |  0.6
Shields        | |  0.6

Action                   |  1- 3 |  4- 6 |  7- 9 | 10-12 || total
-------------------------+-------+-------+-------+-------++-------
 Cast: Foxfire           |    49 |    58 |   191 |   146 ||   444
       Scorch            |    12 |    36 |    64 |    65 ||   177
       Inner Flame       |     7 |    46 |    65 |   111 ||   229
       Call Imp          |       |     7 |     5 |    20 ||    32
       Confusing Touch   |       |       |     2 |     3 ||     5
       Animate Armour    |       |       |     6 |    22 ||    28
       Iskenderun's Batt |       |       |       |     2 ||     2
       Flame Wave        |       |       |       |     1 ||     1
  Use: Scroll            |       |       |       |    23 ||    23
Armor: Robe              |     1 |    13 |       |       ||    14
       Ring mail         |       |       |     6 |    12 ||    18
Dodge: Dodged            |     8 |    22 |    10 |    15 ||    55
Block: Other             |       |     5 |     5 |     8 ||    18
       Reflection        |       |       |     1 |     3 ||     4
